 Dungeon Crawl Stone Soup version 0.30.1-11-g7821555f0a (webtiles) character file.

Game seed: 17969411846196827636

4 HospitalGownGirl the Sneak (level 1, -8/11 HPs)
             Began as a Vine Stalker Brigand on Oct 27, 2023.
             Mangled by a gnoll
             ... wielding a +0 flail
              (11 damage)
             ... on level 1 of the Dungeon.
             The game lasted 00:00:24 (50 turns).

HospitalGownGirl the Sneak (Vine Stalker Brigand)     Turns: 50, Time: 00:00:25

Health: -8/11      AC:  3    Str: 13    XL:     1   Next: 60%
Magic:  0/2        EV: 11    Int: 11    God:
Gold:   0          SH:  0    Dex: 15    Spells: 0/0 levels left

rFire   . . .        a - +2 dagger
rCold   . . .        (no shield)
rNeg    . . .        b - +0 robe
rPois   .            (no helmet)
rElec   .            c - +0 cloak
rCorr   .            (no gloves)
SInv    .            (no boots)
Will    .....        (no amulet)
Stlth   +++          (no ring)
HPRegen 0.21/turn    (no ring)
MPRegen 0.08/turn

%: guardian spirit
@: no status effects
A: fangs 2, magic shield, antimagic bite, no potion heal 2
a: no special abilities


You were on level 1 of the Dungeon.
You visited 1 branch of the dungeon, and saw 1 of its levels.

Inventory:

Hand Weapons
 a - a +2 dagger (weapon)
Missiles
 d - 7 poisoned darts (quivered)
 e - 3 curare-tipped darts
Armour
 b - a +0 robe (worn)
 c - a +0 cloak (worn)
Scrolls
 f - a scroll of immolation {unknown}
 g - 3 scrolls of poison {unknown}


   Skills:
 * Level 1.7 Fighting
 * Level 1.7 Short Blades
 * Level 1.7 Throwing
 * Level 0.7 Dodging
 * Level 5.1 Stealth


You couldn't memorise any spells.
You didn't know any spells.
Your spell library was empty.

Dungeon Overview and Level Annotations

Branches:
Dungeon (1/15)

Altars:


Innate Abilities, Weirdness & Mutations

You have extremely sharp teeth.
When hurt, damage is shared between your health and your magic reserves.
Your bite disrupts and absorbs the magic of your enemies.
Potions cannot restore your health.


Message History

d - 9 poisoned darts (gained 1)
A rat comes into view.
You hit the rat.
You kill the rat!
Your Stealth skill increases to level 5!
A ball python comes into view.
Found 3 scrolls labelled BUUNEF ZARI.
Found a stone staircase leading down.
A rat comes into view.
Found 3 stones.
The helpless ball python fails to defend itself.
You impale the ball python!!
You kill the ball python!
The rat barely misses you. The rat misses you.
You closely miss the rat. You bite the rat.
You kill the rat!
A gnoll comes into view. It is wielding a +0 flail.
Found a scroll labelled ENIPRIN UQAYDGH and 13 gold pieces.
You see here a rat corpse.
You see here 3 scrolls labelled BUUNEF ZARI.
g - 3 scrolls labelled BUUNEF ZARI The gnoll shouts!
Throw: 9 darts (poison)
Press: ? - help, Q - select action, (/) - cycle Shift-Dir - straight line, f - gnoll
Aim: a gnoll, wielding a +0 flail (61% to hit)
You throw a poisoned dart. The poisoned dart hits the gnoll.
Throw: 8 darts (poison)
Press: ? - help, Q - select action, (/) - cycle Shift-Dir - straight line, f/p - gnoll
Aim: a gnoll, wielding a +0 flail (61% to hit)
You throw a poisoned dart.
The poisoned dart barely misses the gnoll.
You hit the gnoll but do no damage. You bite the gnoll, but do no damage.
The gnoll hits you with a +0 flail!
Ouch! That really hurt!
* * * LOW HITPOINT WARNING * * *
You hit the gnoll. Your bite misses the gnoll.
The gnoll is moderately wounded.
The gnoll hits you with a +0 flail!
Ouch! That really hurt!
You die...

#############
............#
...$(.......+
...?........### #
(...(.g@....+>#####.#
..........†.#......
............#.#...
............#.#.#
................#
############....#
#....# #....#
#....####


You could see a gnoll.

Vanquished Creatures
  A ball python (D:1)
  A giant cockroach (D:1)
  2 rats (D:1)
4 creatures vanquished.

Notes
Turn   | Place    | Note
-------+----------+-------------------------------------------
     0 | D:1      | HospitalGownGirl the Vine Stalker Brigand began the quest
                  | for the Orb.
     0 | D:1      | Reached XP level 1. HP: 11/11 MP: 2/2
    30 | D:1      | Reached skill level 5 in Stealth
    50 | D:1      | Mangled by a gnoll

Illustrated notes

Levels and vault maps discovered:
D:1:      minmay_arrival_plants_in_alcoves, layout_basic

Skill      XL: |  1 |
---------------+----+-----
Stealth        | 5 |  5.1
Fighting       | |  1.7
Short Blades   | |  1.7
Throwing       | |  1.7
Dodging        | |  0.7

Action                     || total
---------------------------++-------
  Melee: Dagger            ||     5
         Bite              ||     2
  Throw: Dart              ||     3
   Stab: Sleeping          ||     1
  Dodge: Dodged            ||     2
